 Dungeon Crawl Stone Soup version 0.17-a0-1020-ge683cc4 (webtiles) character file.

278 PhynixH2O the Skirmisher (level 6, -1/47 HPs)
             Began as a Demonspawn Abyssal Knight on May 14, 2015.
             Was a Priest of Lugonu.
             Succumbed to an orc's poison
             ... on level 4 of the Dungeon.
             The game lasted 00:14:10 (3742 turns).

PhynixH2O the Skirmisher (DsAK)                     Turns: 3742, Time: 00:14:10

Health: -1/47      AC: 14    Str: 14    XL:     6   Next: 5%
Magic:  9/9        EV:  5    Int: 14    God:    Lugonu [***...]
Gold:   237        SH:  0    Dex: 16    Spells: 0 memorised, 9 levels left

rFire  + . .     SeeInvis .     r - +0 mace (crush)
rCold  . . .     Clarity  .     u - +0 plate armour
rNeg   . . .     SustAb   .     (no shield)
rPois  .         Gourm    .     v - +0 helmet
rElec  .         Spirit   .     n - +0 cloak
rCorr  .         Warding  .     (no gloves)
rMut   .         Stasis   .     q - +0 pair of boots
MR     .....                    (no amulet)
Stlth  ..........               (no ring)
                                (no ring)

@: lethally poisoned (-1 -> -25), not resistant to hostile enchantments,
extremely unstealthy
A: thin skeletal structure 2, fire resistance 1
a: Depart the Abyss, Bend Space, Banish, Renounce Religion


You were on level 4 of the Dungeon.
You worshipped Lugonu.
Lugonu was most pleased with you.
You were not hungry.

You visited 1 branch of the dungeon, and saw 4 of its levels.
You visited the Abyss 1 time.

You collected 237 gold pieces.

Inventory:

Hand weapons
 a - a +1 mace
 r - a +0 mace of crushing (weapon)
Armour
 n - a +0 cloak (worn)
 q - a +0 pair of boots (worn)
 u - a +0 plate armour (worn)
 v - a +0 helmet (worn)
Jewellery
 s - an uncursed ring of protection from cold {unknown}
Scrolls
 f - 2 scrolls of identify
 l - 2 scrolls of remove curse {unknown}
 o - 3 scrolls of blinking {unknown}
 p - 4 scrolls of teleportation {unknown}
 t - a scroll of amnesia {unknown}
Potions
 d - a potion of flight {unknown}
 e - a potion of curing {unknown}
 h - a potion of mutation {unknown}
 i - a potion of cancellation {unknown}
 k - a potion of degeneration {unknown}
Comestibles
 c - 3 bread rations
 j - 4 meat rations
 m - a beef jerky
 w - 7 chunks of flesh
 x - a slice of pizza


   Skills:
 + Level 3.4 Fighting
 * Level 3.1 Maces & Flails
 * Level 3.0 Armour
 * Level 3.0 Dodging
 * Level 2.1 Spellcasting
 - Level 2.4 Invocations


You had 9 spell levels left.
You didn't know any spells.

Dungeon Overview and Level Annotations

Branches:
Dungeon (4/15)
 Temple: D:4-7

Altars:


Innate Abilities, Weirdness & Mutations

You have a moderately thin skeletal structure (Dex +4, Stealth+).
Your flesh is heat resistant.


Message History

You feel very sick.
You see here an adder corpse.
You feel less invigorated.
You feel less confused.
* * * LOW HITPOINT WARNING * * *
You feel very sick.
* * * LOW HITPOINT WARNING * * *
You feel very sick.
You see here a dagger of venom.
* * * LOW HITPOINT WARNING * * *
You feel very sick.
Some of the chunks of flesh in your inventory have rotted away.
* * * LOW HITPOINT WARNING * * *
You feel sick.
* * * LOW HITPOINT WARNING * * *
You feel sick.
* * * LOW HITPOINT WARNING * * *
You feel very sick.
You see here a dagger of venom.
You die...

**,*
###.....#.##.#....# *,*
#............#'###
*,***#.####.#.#####,#
*,,,*#......#..# *,*
****+*##.....##.####.#
*,,,,,,+.....'.......#
*,,,,,,#.....#...###.*
*,,,,,,#.....+...###+##
*,,,,,,#.....##.@)....#
*,,,,,,#.....###†.....#
*******###)...........#
,,,,* #............#
,,,,* ##.......##+##
,,,,* #.......#*,*
,,,,* #.......#*,*
,,,,* ***#........*,*
,,,,* *,,.......#.*,*


There were no monsters in sight!

Vanquished Creatures
  Ijyb (D:2)
  An orc wizard (D:4)
  2 orc priests
  A hound skeleton (D:4)
  Robin (D:3)
  3 adders
  An ooze (D:3)
  2 worms
  9 orcs
  A bat skeleton (D:4)
  5 giant cockroaches
  8 hobgoblins
  4 jackals (D:4)
  3 kobolds
  2 ball pythons
  6 bats
  4 giant geckos (D:3)
  3 giant newts
  14 goblins
  A jackal skeleton (D:4)
  A quokka (D:3)
  10 rats
83 creatures vanquished.

Vanquished Creatures (others)
  A centaur skeleton (D:4)
  An orc (D:4)
2 creatures vanquished.

Grand Total: 85 creatures vanquished

Notes
Turn   | Place    | Note
--------------------------------------------------------------
     0 | Abyss:1  | PhynixH2O the Demonspawn Abyssal Knight began the quest for the Orb.
     0 | Abyss:1  | Reached XP level 1. HP: 18/18 MP: 2/2
    16 | D:1      | Escaped the Abyss
   308 | D:1      | Reached skill level 1 in Dodging
   403 | D:1      | Gained mutation: You have a somewhat thin skeletal structure (Dex +2, Stealth). [demonic ancestry]
   403 | D:1      | Reached XP level 2. HP: 17/24 MP: 3/3
   893 | D:2      | Noticed Ijyb
  1445 | D:2      | Killed Ijyb
  1445 | D:2      | Acquired Lugonu's second power
  1445 | D:2      | Reached skill level 1 in Spellcasting
  1445 | D:2      | Reached XP level 3. HP: 3/29 MP: 4/4
  2194 | D:3      | Noticed Robin
  2273 | D:3      | Reached XP level 4. HP: 24/35 MP: 5/5
  2890 | D:3      | Killed Robin
  2890 | D:3      | Gained mutation: Your flesh is heat resistant. [demonic ancestry]
  2890 | D:3      | Reached XP level 5. HP: 41/41 MP: 7/7
  3146 | D:3      | Acquired Lugonu's third power
  3545 | D:4      | Gained mutation: You have a moderately thin skeletal structure (Dex +4, Stealth+). [demonic ancestry]
  3545 | D:4      | Reached XP level 6. HP: 22/47 MP: 5/9
  3741 | D:4      | HP: 1/47 [poisoned by an orc]
  3742 | D:4      | Succumbed to an orc's poison

Vault maps used:
D:1:      saegor_arrival_simple_a, minmay_quantized
D:2:      uniq_iyjb
D:3:      gup_sewer_entry_bubbles, serial_forest, infiniplex_forest_straight_2,
          infiniplex_forest_clump_curved, infiniplex_forest_lined_room_2,
          infiniplex_forest_end_2, infiniplex_forest_lined_2, first_bread,
          minmay_misc_feat_iff, uniq_robin
D:4:      uniq_pikel
Abyss:1:  due_exit_kobolds

Action                   |  1- 3 |  4- 6 || total
-------------------------+-------+-------++-------
Melee: Mace              |   145 |   180 ||   325
Invok: Banish            |       |     2 ||     2
  Use: Scroll            |       |     2 ||     2
       Potion            |       |     1 ||     1
  Eat: Chunk             |     4 |     6 ||    10
